 Dungeon Crawl Stone Soup version 0.25-a0-474-ga8a2ee3166 (webtiles) character file.

Game seed: 425810577842794552, levelgen mode: deterministic

124594 Notrik the Warrior (level 16, 0/247 HPs)
             Began as a Minotaur Fighter on Feb 8, 2020.
             Was the Champion of Okawaru.
             Succumbed to an emperor scorpion's poison
             ... on level 3 of the Spider Nest.
             The game lasted 01:05:44 (28459 turns).

Notrik the Warrior (Minotaur Fighter)              Turns: 28459, Time: 01:05:45

Health: 0/247      AC: 28    Str: 25    XL:     16   Next: 39%
Magic:  2/18       EV:  2    Int:  5    God:    Okawaru [******]
Gold:   1497       SH: 19    Dex: 20    Spells: 15/15 levels left

rFire    + . .     SeeInvis .   U - +1 broad axe "Killer Klown's Death" {flame, rC+ Dex+2}
rCold    + . .     Gourm    .   z - +4 shield {rF+}
rNeg     + + +     Faith    .   (armour currently unavailable)
rPois    +         Spirit   +   (helmet currently unavailable)
rElec    .         Reflect  .   (cloak currently unavailable)
rCorr    .         Harm     .   (gloves currently unavailable)
MR       ++...     NoTele   +   (boots currently unavailable)
Stlth    +++.......             H - amulet of guardian spirit
HPRegen  0.51/turn              E - ring of poison resistance
MPRegen  0.16/turn              l - ring of protection from magic

@: agile, lethally poisoned (0 -> -18), tree-form
A: (retaliatory headbutt)
a: Heroism, Finesse, Renounce Religion


You were on level 3 of the Spider Nest.
You worshipped Okawaru.
Okawaru was exalted by your worship.
You were not hungry.
You were a tree.
You visited 5 branches of the dungeon, and saw 26 of its levels.
You also visited: Ossuary and Ice Cave.

You collected 2387 gold pieces.
You spent 890 gold pieces at shops.

Inventory:

Hand Weapons
 U - the +1 broad axe "Killer Klown's Death" (weapon) {flame, rC+ Dex+2}
   (Okawaru gifted it to you on level 6 of the Lair of Beasts)

   It has been specially enchanted to burn those struck by it, causing extra
   injury to most foes and up to half again as much damage against particularly
   susceptible opponents.
   Big, fiery blades are also staple armaments of hydra-hunters.
   It affects your dexterity (+2).
   It protects you from cold.
Armour
 b - a +0 pair of gloves of strength (melded)
   (Okawaru gifted it to you on level 5 of the Lair of Beasts)
 j - a +2 cloak (melded)
   (You found it on level 1 of the Dungeon)
 z - a +4 shield of fire resistance (worn)
   (Okawaru gifted it to you on level 13 of the Dungeon)
 D - a scarf of cloud immunity
   (You found it on level 7 of the Dungeon)
 G - a +0 hat of see invisible (melded)
   (Okawaru gifted it to you in an ice cave)
 L - a +0 pair of boots of stealth (melded)
   (Okawaru gifted it to you on level 10 of the Dungeon)
 R - the +0 ring mail of Uheeturi {rElec rN++ Str-3 Dex+3}
   (Okawaru gifted it to you on level 2 of the Lair of Beasts)

   It affects your strength (-3).
   It affects your dexterity (+3).
   It insulates you from electricity.
   It greatly protects you from negative energy.
   If you switch to wearing this armour, your AC will rise 8 points (28 -> 36)
 S - a +1 pair of gloves
   (You found it on level 2 of the Spider Nest)
 T - a +2 plate armour of cold resistance (melded)
   (You found it on level 6 of the Lair of Beasts)
Jewellery
 i - an uncursed ring of protection from fire
   (You found it on level 1 of the Lair of Beasts)
 l - a ring of protection from magic (right branch)
   (You found it on level 6 of the Lair of Beasts)
 B - an uncursed ring of stealth {unknown}
   (You found it on level 1 of the Spider Nest)
 E - a ring of poison resistance (left branch)
   (You bought it in a shop on level 5 of the Dungeon)
 H - an amulet of guardian spirit (around neck)
   (You bought it in a shop on level 5 of the Dungeon)
 P - a cursed amulet of inaccuracy {unknown}
   (You found it on level 6 of the Lair of Beasts)
 V - an uncursed amulet of rage {unknown}
   (You found it on level 2 of the Spider Nest)
 Y - a +5 amulet of reflection {unknown}
   (You found it on level 12 of the Dungeon)
Wands
 c - a wand of disintegration (5)
   (You found it on level 12 of the Dungeon)
 d - a wand of iceblast (25)
   (You found it on level 10 of the Dungeon)
 s - a wand of scattershot (4)
   (You found it on level 5 of the Dungeon)
 u - a wand of paralysis (33)
   (You found it on level 6 of the Dungeon)
 x - a wand of acid (14)
   (You found it on level 2 of the Lair of Beasts)
 K - a wand of enslavement (8)
   (You found it on level 10 of the Dungeon)
Scrolls
 k - 7 scrolls of fear
 n - 7 scrolls of amnesia
 o - 2 scrolls of blinking
 p - 3 scrolls of teleportation {@r4}
 q - a scroll of magic mapping
 r - 15 scrolls of remove curse {@r2}
 w - 3 scrolls of immolation {!r}
 I - a scroll of enchant weapon
 N - a scroll of brand weapon {unknown}
 O - 2 scrolls of fog
 W - a scroll of identify {@r1}
 X - 2 scrolls of holy word
 Z - 3 scrolls of random uselessness {unknown}
Potions
 a - a potion of cancellation {unknown}
 f - 5 potions of flight
 g - a potion of curing {@q1}
 h - a potion of agility
 m - a potion of brilliance {unknown}
 A - 4 potions of berserk rage
 C - 2 potions of magic
 F - 2 potions of haste {@q3}
 J - 5 potions of might
 M - 2 potions of mutation {unknown}
 Q - 2 potions of invisibility {unknown}
Comestibles
 e - 35 rations {!d}


   Skills:
 * Level 20.9 Fighting
 + Level 15.2(15.3) Axes
   Level 2.4(10.5) Polearms
 + Level 15.8 Armour
 - Level 15.0 Shields
 - Level 5.0 Invocations


You had 15 spell levels left.
You didn't know any spells.
Your spell library contained the following spells:

 Spells                   Type           Power        Failure   Level  Hunger
 Corona                   Hex            #......      47%         1    ##.....
 Foxfire                  Conj/Fire      #...         47%         1    ##.....
 Magic Dart               Conj           #...         47%         1    ##.....
 Sandblast                Erth           #.....       47%         1    ##.....
 Sting                    Tmut/Pois      #...         47%         1    ##.....
 Summon Butterflies       Summ           #.......     47%         1    ##.....
 Blink                    Tloc           N/A          63%         2    ###....
 Call Imp                 Summ           #.......     63%         2    ###....
 Ensorcelled Hibernation  Hex/Ice        #.....       63%         2    ###....
 Passwall                 Tmut/Erth      #.......     63%         2    ###....
 Poisonous Vapours        Pois/Air       #.....       63%         2    ###....
 Shroud of Golubria       Chrm/Tloc      #.....       63%         2    ###....
 Slow                     Hex            #.......     63%         2    ###....
 Call Canine Familiar     Summ           #.......     85%         3    ####...
 Confusing Touch          Hex            #.......     85%         3    ####...
 Conjure Flame            Conj/Fire      #.......     85%         3    ####...
 Dazzling Flash           Conj/Hex       #.....       85%         3    ####...
 Gell's Gravitas          Tloc           #.........   85%         3    ####...
 Ignite Poison            Fire/Tmut/Pois #.......     85%         3    ####...
 Mephitic Cloud           Conj/Pois/Air  #.......     85%         3    ####...
 Stone Arrow              Conj/Erth      #.....       85%         3    ####...
 Tukima's Dance           Hex            #.......     85%         3    ####...
 Ice Form                 Ice/Tmut       #.......     99%         4    #####..
 Iskenderun's Mystic Bla  Conj/Tloc      #.......     99%         4    #####..
 Olgreb's Toxic Radiance  Pois           #.......     99%         4    #####..
 Petrify                  Tmut/Erth      #.......     99%         4    #####..
 Sticky Flame             Conj/Fire      #.......     99%         4    #####..
 Summon Ice Beast         Ice/Summ       #.......     99%         4    #####..
 Summon Lightning Spire   Summ/Air       #.......     99%         4    #####..
 Lee's Rapid Deconstruct  Erth           #.........   100%        5    ######.
 Metabolic Englaciation   Hex/Ice        #.........   100%        5    ######.
 Summon Mana Viper        Hex/Summ       #.......     100%        5    ######.
 Yara's Violent Unravell  Hex/Tmut       #.........   100%        5    ######.
 Freezing Cloud           Conj/Ice/Air   #.........   100%        6    #######
 Ozocubu's Refrigeration  Ice            #.........   100%        6    #######
 Simulacrum               Ice/Necr       #.........   100%        6    #######
 Starburst                Conj/Fire      #.........   100%        6    #######
 Summon Hydra             Summ           #.........   100%        7    #######
 Dragon's Call            Summ           #.........   100%        9    #######


Dungeon Overview and Level Annotations

Branches:
Dungeon (15/15)            Temple (1/1) D:4            Lair (6/6) D:8
 Shoals (1/4) Lair:2       Spider (3/4) Lair:2        Slime (0/5) Lair:6
    Orc (0/2) D:10         Vaults (0/5) D:13         Depths (0/5) D:15
Ossuary (visited)           IceCv (visited)

Altars:
Ashenzari
Cheibriados
Dithmenos
Elyvilon
Fedhas
Gozag
Hepliaklqana
Kikubaaqudgha
Makhleb
Nemelex Xobeh
Okawaru
Qazlal
Ru
Sif Muna
Trog
Uskayaw
Vehumet
Wu Jian
Xom
Yredelemnul
Zin
The Shining One
Jiyva

Shops:
D:5 ==[!   D:6 *

Annotations:
D:6 2 transporters, walterwhite's ghost, novice CeHu
D:11 2 transporters, Ijustatesigmund's ghost, journeyman HuGl
Lair:2 1 runed translucent door, PsychoGun's ghost, journeyman HuMo


Innate Abilities, Weirdness & Mutations

((You reflexively headbutt those who attack you in melee.))
((You have a pair of horns on your head.))


Message History

You block the jumping spider's attack. x2
You block the emperor scorpion's attack. x2
The emperor scorpion claws you but does no damage.
You hit the jumping spider. You burn the jumping spider.
You miss the jumping spider. You slash the emperor scorpion!
You burn the emperor scorpion.
You feel sick.
A jumping spider comes into view.
The jumping spider leaps!
The jumping spider pounces on you!
* * * LOW HITPOINT WARNING * * *
You block the jumping spider's attack.
The jumping spider hisses angrily.
You hit the redback. You burn the redback. You hit the emperor scorpion.
You burn the emperor scorpion.
* * * LOW HITPOINT WARNING * * *
You feel sick.
You block the emperor scorpion's attack.
The emperor scorpion claws you.
* * * LOW HITPOINT WARNING * * *
The emperor scorpion claws you.
You feel better.
The emperor scorpion stings you but does no damage.
You block the emperor scorpion's attack.
The emperor scorpion claws you but does no damage.
You block the redback's attack.
The jumping spider pounces on you but does no damage.
You block the jumping spider's attack.
You feel agile all of a sudden. You block the redback's attack.
The jumping spider leaps!
You block the jumping spider's attack.
The jumping spider bites you but does no damage.
The emperor scorpion stings you.
* * * LOW HITPOINT WARNING * * *
You are lethally poisoned!
The emperor scorpion poisons you!
The emperor scorpion claws you but does no damage. x2
The wolf spider barely misses you.
The wolf spider bites you but does no damage.
You block the redback's attack.
The jumping spider leaps!
You cannot teleport because you are held in place by your roots.
As you read the scroll of fear, it crumbles to dust.
You assume a fearsome visage.
The orb spider looks frightened!
The redback looks frightened!
The jumping spider looks frightened! x2
The orb spider looks frightened!
The wolf spider looks frightened!
The emperor scorpion looks frightened!
The tarantella looks frightened!
* * * LOW HITPOINT WARNING * * *
You feel very sick.
The jumping spider leaps! x2
As you read the scroll of holy word, it crumbles to dust.
You speak a Word of immense power!
You die...

.......#s/...##
.#..#...s.....#.†s†.##
#..........#..#...#.#
)..#...........^#....#
#...#..#°....#....?.>..
...........s.(^#........
. #......s#.#.#.........
#^^^#s...†.....)...).#...
^.(.^○s†♣# . .........#.
^.>.^....†.# s...........
^...^.s.s....#
#^^^#..#<..°.... ^..
#^.........# ..
.#....#..#.. #
.............
#...........#


You could see an emperor scorpion (fleeing), a wolf spider (fleeing), 2 orb
spiders, a jumping spider, a tarantella (fleeing) and a redback (fleeing).

Vanquished Creatures
  Jorgrun (D:13)
  Agnes (D:15)
  A frost giant (IceCv)
  An emperor scorpion (Spider:2)
  A fire giant (D:15)
  A ghost moth (Spider:1)
  2 entropy weavers
  Snorg (D:13)
  6 hydras
  Erolcha (D:9)
  A vault guard (D:13)
  3 centaur warriors
  A catoblepas (Lair:6)
  A death yak (IceCv)
  6 two-headed ogres
  Urug (Lair:2)
  Sonja (D:11)
  4 skeletal warriors (D:15)
  3 unseen horrors
  4 wizards
  A sea snake (Shoals:1)
  2 lindwurms (Lair:6)
  A wolf spider zombie (D:15)
  A harpy (shapeshifter) (D:15)
  A deep elf mage (D:15)
  An orc knight (D:15)
  7 harpies (Shoals:1)
  An oklob plant (Lair:6)
  A necromancer (D:13)
  18 wolf spiders
  An orc sorcerer (D:15)
  3 orb spiders
  2 cyclopes (D:14)
  4 manticores
  5 ugly things
  11 elephants
  A torpor snail (Lair:6)
  6 centaur zombies
  3 black mambas (Lair:6)
  An ice statue (IceCv)
  2 gargoyles
  12 spiny frogs
  An efreet (D:14)
  5 kobold demonologists
  5 rime drakes
  2 yaktaurs (D:13)
  8 demonic crawlers
  6 komodo dragons
  2 trolls
  2 meliai (D:14)
  20 jumping spiders
  A queen bee (D:14)
  A wolf spider simulacrum (D:14)
  A hippogriff (shapeshifter) (D:11)
  A snapping turtle (Lair:2)
  10 hippogriffs
  14 blink frogs
  16 slime creatures
  13 polar bears (IceCv)
  A harpy skeleton (D:14)
  6 dream sheep
  A meliai zombie (D:13)
  4 hornets
  23 redbacks
  8 tarantellas
  6 wyverns
  2 water elementals
  63 yaks
  2 vampire mosquitoes (D:12)
  6 basilisks
  18 humans (D:13)
  A wraith (D:13)
  4 hungry ghosts
  A spriggan (Lair:5)
  A soldier ant (D:12)
  16 water moccasins
  11 porcupines
  5 orc warriors
  3 sky beasts
  5 ice beasts
  2 ogres
  An eye of draining (D:15)
  4 phantoms
  42 wolves
  11 centaurs
  11 crocodiles
  24 big kobolds
  18 bullfrogs
  10 scorpions
  21 killer bees (D:14)
  3 wights (D:13)
  5 electric eels
  5 howler monkeys
  9 crimson imps
  6 bullfrog zombies
  10 orc priests
  11 orc wizards
  2 quasits
  6 hounds
  6 jellies
  6 centaur skeletons
  Jessica (D:2)
  A bullfrog skeleton (D:9)
  8 worker ants
  An iguana (D:12)
  2 killer bee zombies (D:8)
  A big kobold zombie (Ossuary)
  A hound skeleton (D:6)
  8 mummies (Ossuary)
  17 adders
  5 shadow imps
  2 adder skeletons
  4 worms
  3 dart slugs
  4 leopard geckos
  54 orcs
  5 giant cockroaches
  3 gnoll zombies (Ossuary)
  12 goblins
  4 hobgoblins
  20 jackals
  25 kobolds
  6 quokkas
  9 bats
  3 frilled lizards
  A hobgoblin zombie (Ossuary)
  A jackal zombie (D:5)
  3 kobold zombies (Ossuary)
  7 rats
  11 fungi
  12 plants (D:8)
868 creatures vanquished.

Vanquished Creatures (others)
  Maurice (D:11)
  2 rime drakes (IceCv)
  A demonic crawler (Spider:1)
  2 wolves (IceCv)
  4 fungi
  4 plants
14 creatures vanquished.

Grand Total: 882 creatures vanquished

Notes
Turn   | Place    | Note
-------+----------+-------------------------------------------
     0 | D:1      | Notrik the Minotaur Fighter began the quest for the Orb.
     0 | D:1      | Reached XP level 1. HP: 19/19 MP: 0/0
   152 | D:1      | Reached skill level 4 in Fighting
   157 | D:1      | Reached XP level 2. HP: 27/27 MP: 1/1
   507 | D:2      | Reached XP level 3. HP: 34/34 MP: 2/2
   875 | D:2      | Noticed Jessica
   892 | D:2      | Killed Jessica
   892 | D:2      | Reached skill level 5 in Fighting
   892 | D:2      | Reached XP level 4. HP: 32/42 MP: 3/3
  1044 | D:2      | Found a hide-covered altar of Uskayaw.
  1565 | D:3      | Reached XP level 5. HP: 47/48 MP: 4/4
  1566 | D:3      | Found a faded altar of an unknown god.
  1895 | D:4      | Reached skill level 1 in Axes
  2044 | D:4      | Reached skill level 6 in Fighting
  2044 | D:4      | Reached skill level 5 in Armour
  2076 | D:4      | Reached XP level 6. HP: 55/57 MP: 5/5
  2089 | D:4      | Reached skill level 5 in Shields
  2472 | D:4      | Found a radiant altar of Vehumet.
  2472 | D:4      | Found a hazy altar of Hepliaklqana.
  2527 | D:4      | Reached XP level 7. HP: 34/64 MP: 6/6
  2533 | D:4      | Reached skill level 7 in Fighting
  2856 | D:4      | Found a staircase to the Ecumenical Temple.
  2888 | Temple   | Entered the Ecumenical Temple
  3003 | Temple   | Became a worshipper of Warmaster Okawaru
  3052 | D:4      | Found a shattered altar of Ashenzari.
  3480 | D:5      | Entered Level 5 of the Dungeon
  3574 | D:5      | Found a sacrificial altar of Ru.
  3603 | D:5      | Found Kipsyr's Distillery.
  3608 | D:5      | Bought a potion of degeneration for 10 gold pieces
  3608 | D:5      | Bought a potion of heal wounds for 50 gold pieces
  3608 | D:5      | Bought a potion of lignification for 30 gold pieces
  3608 | D:5      | Bought a potion of heal wounds for 50 gold pieces
  3608 | D:5      | Bought a potion of curing for 30 gold pieces
  3608 | D:5      | Bought a potion of lignification for 30 gold pieces
  3684 | D:5      | Found Ulem's Antique Armour Shop.
  3942 | D:5      | Reached skill level 8 in Fighting
  3992 | D:5      | Found Xoolynato's Jewellery Shop.
  4107 | D:5      | Reached XP level 8. HP: 72/74 MP: 7/7
  4313 | D:5      | Found Kez Lyta's Jewellery Emporium.
  4378 | D:6      | Found Usyipen's General Store.
  4451 | D:6      | Reached * piety under Okawaru
  4477 | D:6      | Found a transporter.
  4477 | D:6      | Noticed walterwhite's ghost (novice CeHu)
  4550 | D:6      | Reached skill level 9 in Fighting
  4575 | D:6      | Reached skill level 5 in Axes
  4817 | D:6      | Found a transporter.
  4940 | D:6      | Reached ** piety under Okawaru
  5280 | D:6      | Reached XP level 9. HP: 79/85 MP: 8/8
  5370 | D:7      | Reached skill level 10 in Fighting
  5532 | D:7      | Found a sparkling altar of Nemelex Xobeh.
  5579 | D:7      | Found a sand-covered staircase.
  5590 | Ossuary  | Entered an ossuary
  5907 | D:5      | Bought an uncursed amulet of guardian spirit for 450 gold
                  | pieces
  6226 | D:8      | Reached *** piety under Okawaru
  6315 | D:8      | Reached skill level 11 in Fighting
  6376 | D:8      | Found a staircase to the Lair.
  6616 | D:8      | Found a blossoming altar of Fedhas.
  6628 | D:8      | Received a gift from Okawaru
  6798 | D:8      | Reached XP level 10. HP: 96/96 MP: 9/9
  6916 | D:8      | Reached **** piety under Okawaru
  7212 | D:9      | Noticed Erolcha
  7228 | D:9      | Killed Erolcha
  7228 | D:9      | Reached skill level 12 in Fighting
  7855 | D:9      | Reached ***** piety under Okawaru
  8072 | D:9      | Noticed a three-headed hydra
  8077 | D:9      | Killed a one-headed hydra
  8436 | D:10     | Entered Level 10 of the Dungeon
  8504 | D:10     | Noticed a two-headed ogre
  8505 | D:10     | Received a gift from Okawaru
  8505 | D:10     | Reached skill level 13 in Fighting
  8517 | D:10     | Killed a two-headed ogre
  8517 | D:10     | Reached skill level 10 in Shields
  8517 | D:10     | Reached XP level 11. HP: 93/107 MP: 7/10
  8539 | D:10     | Reached skill level 10 in Armour
  8774 | D:10     | Found a staircase to the Orcish Mines.
  9437 | Lair:1   | Entered Level 1 of the Lair of Beasts
  9498 | Lair:1   | Noticed a four-headed hydra
  9505 | Lair:1   | Killed a one-headed hydra
  9505 | Lair:1   | Reached skill level 14 in Fighting
 10489 | Lair:2   | Reached skill level 10 in Axes
 10527 | Lair:2   | Reached ****** piety under Okawaru
 10528 | Lair:2   | Received a gift from Okawaru
 10529 | Lair:2   | Got an ancient ring mail {god gift}
 10530 | Lair:2   | Identified the +0 ring mail of Uheeturi {rElec rN++ Str-3
                  | Dex+3} (Okawaru gifted it to you on level 2 of the Lair of
                  | Beasts)
 10614 | Lair:2   | Found a runed translucent door.
 10616 | Lair:2   | Noticed PsychoGun's ghost (journeyman HuMo)
 10653 | Lair:2   | Noticed Urug
 10663 | Lair:2   | Killed Urug
 10663 | Lair:2   | Reached XP level 12. HP: 77/118 MP: 7/11
 10849 | Lair:2   | Found a hole to the Spider Nest.
 11021 | Lair:2   | Found a staircase to the Shoals.
 11071 | Lair:2   | Noticed a six-headed hydra
 11076 | Lair:2   | Killed a three-headed hydra
 11076 | Lair:2   | Reached skill level 15 in Fighting
 11683 | Lair:3   | Noticed an eight-headed hydra
 11693 | Lair:3   | Killed a five-headed hydra
 12457 | Lair:4   | Reached skill level 1 in Invocations
 13314 | Lair:5   | You fall into a shaft and drop 1 floor!
 13314 | Lair:6   | Entered Level 6 of the Lair of Beasts
 13324 | Lair:6   | Received a gift from Okawaru
 13342 | Lair:6   | Reached skill level 16 in Fighting
 13374 | Lair:6   | Reached XP level 13. HP: 95/128 MP: 11/14
 13400 | Lair:6   | Got a shimmering robe {god gift}
 13404 | Lair:6   | Identified the +1 robe "Fyarir" {+Fly Str+4 Dex-5} (Okawaru
                  | gifted it to you on level 6 of the Lair of Beasts)
 13588 | Lair:6   | Found a viscous altar of Jiyva.
 13588 | Lair:6   | Found a staircase to the Slime Pits.
 14330 | Lair:6   | Identified the Disquisition on the Compass and Calling
 14524 | Lair:6   | Received a gift from Okawaru
 14533 | Lair:6   | Got a faintly glowing broad axe {god gift}
 14560 | Lair:6   | Identified the +1 broad axe "Killer Klown's Death" {flame,
                  | rC+ Dex+2} (Okawaru gifted it to you on level 6 of the Lair
                  | of Beasts)
 16105 | Lair:5   | Reached skill level 17 in Fighting
 16116 | Lair:5   | Received a gift from Okawaru
 16672 | Lair:5   | Reached skill level 5 in Invocations
 17514 | D:11     | Noticed Maurice
 17530 | D:11     | Killed Maurice
 17569 | D:11     | Found a transporter.
 17627 | D:11     | Found a transporter.
 17627 | D:11     | Noticed Ijustatesigmund's ghost (journeyman HuGl)
 17776 | D:11     | Noticed Sonja
 17784 | D:11     | Killed Sonja
 18053 | D:11     | Reached XP level 14. HP: 140/140 MP: 16/16
 18977 | D:12     | You fall into a shaft and drop 2 floors!
 19371 | D:13     | Received a gift from Okawaru
 19379 | D:13     | Got a slimy hand axe {god gift}
 19409 | D:13     | Reached skill level 18 in Fighting
 19433 | D:13     | Found a gate to the Vaults.
 19561 | D:13     | Got a heavily jewelled robe
 19564 | D:13     | Noticed Jorgrun
 19586 | D:13     | Killed Jorgrun
 19590 | D:13     | Identified the +6 hand axe "Hatwac" {flame, MR+ Dex-4
                  | Stlth+} (Okawaru gifted it to you on level 13 of the
                  | Dungeon)
 19692 | D:13     | Found a white marble altar of Elyvilon.
 19916 | D:13     | Noticed Snorg
 19928 | D:13     | Received a gift from Okawaru
 20500 | D:13     | Killed Snorg
 21683 | D:15     | Entered Level 15 of the Dungeon
 21689 | D:15     | Reached XP level 15. HP: 142/151 MP: 17/17
 21694 | D:15     | Reached skill level 19 in Fighting
 21747 | D:15     | Found a staircase to the Depths.
 21747 | D:15     | Noticed a fire giant
 21755 | D:15     | Noticed Agnes
 21798 | D:15     | Found a frozen archway.
 21814 | IceCv    | Entered an ice cave
 22161 | IceCv    | Received a gift from Okawaru
 22953 | IceCv    | Noticed a frost giant
 22970 | IceCv    | Killed a frost giant
 23136 | D:15     | Killed a fire giant
 23738 | D:15     | Killed Agnes
 24253 | D:15     | Received a gift from Okawaru
 24743 | Shoals:1 | Entered Level 1 of the Shoals
 24776 | Shoals:1 | Reached skill level 15 in Armour
 24777 | Shoals:1 | Reached skill level 15 in Shields
 24796 | Shoals:1 | Reached skill level 20 in Fighting
 24966 | D:5      | Bought an uncursed ring of poison resistance for 240 gold
                  | pieces
 25084 | Spider:1 | Entered Level 1 of the Spider Nest
 25171 | Spider:1 | Noticed a ghost moth
 25178 | Spider:1 | Killed a ghost moth
 26822 | Spider:1 | Reached XP level 16. HP: 133/165 MP: 18/18
 27218 | Spider:2 | Identified the Compendium of Creative Heat
 27368 | Spider:2 | Reached skill level 15 in Axes
 28415 | Spider:3 | Received a gift from Okawaru
 28451 | Spider:3 | HP: 12/247 [emperor scorpion (1)]
 28454 | Spider:3 | HP: 4/247 [jumping spider (4)]
 28459 | Spider:3 | Succumbed to an emperor scorpion's poison

Levels and vault maps discovered:
D:1:      roderic_crossed_star, layout_rooms
D:2:      layout_loops_ring, lemuel_coloured_pillars_altar, minmay_distorted,
          uniq_jessica
D:3:      layout_rooms, chequers_ecumenical_altar_simple, first_ration
D:4:      minmay_skewed_foursquare, layout_basic, kennysheep_little_box,
          amethyst_overflow_temple_binary, minmay_temple_entry_drinking_statues
D:5:      layout_gridville, nicolae_ru_sacrificial_ziggurat, serial_shops, shop,
          shop, shop, nicolae_shop_stone
D:6:      layout_basic, serial_shops,
          nicolae_shop_temple_entry_statues_fountains,
          gammafunk_ghost_mausoleum, serial_bayou_lagoon_a
D:7:      layout_cave_pools, lemuel_crystal_altar, enter_ossuary_1
D:8:      layout_gridville, fedhas_altar_3, due_lair_maze_entry_diamond,
          minmay_door_square
D:9:      layout_grid_maze, hangedman_ranch [blue_anna_fruit_fields],
          uniq_erolcha
D:10:     layout_basic, david_orc_3, special_room [special_room_kobold]
D:11:     layout_loops_corners, gammafunk_ghost_mausoleum, uniq_sonja,
          uniq_maurice
D:12:     layout_loops_ring
D:13:     layout_stronghold, grunt_vaults_entry_tiered, lemuel_centaur_altar,
          uniq_snorg, uniq_jorgrun
D:14:     layout_roguey [special_room_bee], serial_corexii_hall,
          chequers_hall_statues_y, corexii_hall_statues_i
D:15:     grunt_enter_depths_giant_problem, layout_basic, minivault_4,
          portal_ice_cave_rime, uniq_agnes
Temple:   regret_index_temple_waves
Lair:1:   layout_hall_layers, grunt_megastairs_1
Lair:2:   layout_cave_pods, minmay_shoals_entry_hut, spider_nest_entry_webs,
          gammafunk_ghost_grave, st_stairs_9, beast_lair_carwin_10, uniq_urug
Lair:3:   layout_gridlike, minivault_27, serial_bayou_shore_a
Lair:4:   layout_regular_city, grunt_megastairs_2
Lair:5:   layout_cave_pods, grunt_forest_large_clearings
Lair:6:   hangedman_lair_in_review, layout_long_grid, slime_altar_1
Shoals:1: layout_shoals, nicolae_shoals_stone_sculpture_thing,
          minmay_shop_enchanted_jewellery, uniq_frances
Spider:1: layout_spider_delve
Spider:2: layout_spider_delve
Spider:3: layout_spider_delve, ebering_ghost_reflecting_pool,
          nicolae_spider_webbed_stairs

Skill      XL: |  1  2  3  4  5  6  7  8  9 10 11 12 13 14 15 16 |
---------------+-------------------------------------------------+-----
Fighting       | 4 5 6 8 9 11 13 14 16 17 18 20 | 20.9
Armour         | 4 5 6 7 8 9 11 12 13 14 15 | 15.8
Shields        | 4 5 6 7 8 10 11 12 13 14 15 | 15.0
Axes           | 1 2 4 5 7 8 10 11 12 13 14 15 | 15.2
Invocations    | 2 5 |  5.0
Polearms       | |  2.4

Action                   |  1- 3 |  4- 6 |  7- 9 | 10-12 | 13-15 | 16-18 || total
-------------------------+-------+-------+-------+-------+-------+-------++-------
Melee: Trident           |   107 |    17 |       |       |       |       ||   124
       Headbutt          |     9 |    29 |    85 |   116 |   308 |    66 ||   613
       War axe           |       |   112 |   351 |   503 |    97 |       ||  1063
       Broad axe         |       |       |       |       |  1053 |   195 ||  1248
Invok: Heroism           |       |       |     3 |     2 |     6 |     1 ||    12
  Use: Scroll            |     2 |     6 |     1 |    13 |    19 |     4 ||    45
       Potion            |       |     1 |     1 |     1 |    15 |     6 ||    24
  Eat: Chunk             |       |     6 |    11 |    10 |    15 |       ||    42
       Ration            |       |       |     2 |     4 |     9 |     2 ||    17
Armor: Scale mail        |    43 |    54 |    98 |   171 |    55 |       ||   421
       Plate armour      |       |       |       |       |   632 |   177 ||   809
       Skin              |       |       |       |       |    41 |    41 ||    82
Dodge: Dodged            |    28 |    25 |    62 |   154 |   309 |    64 ||   642
Block: Shield            |    50 |    90 |   155 |   347 |  1127 |   276 ||  2045

Table legend:
 A = Non-vault XP
 B = Vault XP
 C = Vault XP percentage of total XP
 D = Non-vault monster count
 E = Vault monster count
 F = Vault count percentage of total count
                 A         B        C        D         E       F
            +---------+---------+-------+---------+---------+-------
      Total |  123736 |   54256 |  30.5 |     609 |     238 |  28.1
            +---------+---------+-------+---------+---------+-------
        D:1 |      40 |       0 |   0.0 |      21 |       0 |   0.0
        D:2 |      65 |      51 |  44.0 |      24 |       3 |  11.1
        D:3 |      81 |       0 |   0.0 |      31 |       0 |   0.0
        D:4 |     543 |     196 |  26.5 |      17 |       3 |  15.0
        D:5 |     557 |       0 |   0.0 |      14 |       0 |   0.0
        D:6 |    1322 |       0 |   0.0 |      25 |       0 |   0.0
        D:7 |     981 |       0 |   0.0 |      27 |       0 |   0.0
        D:8 |    1039 |    1090 |  51.2 |      17 |       8 |  32.0
        D:9 |    1162 |    3238 |  73.6 |      24 |       9 |  27.3
       D:10 |    2663 |    2348 |  46.9 |      18 |      30 |  62.5
       D:11 |    3164 |    1129 |  26.3 |      40 |       2 |   4.8
       D:12 |    3460 |       0 |   0.0 |      28 |       0 |   0.0
       D:13 |    8306 |   11855 |  58.8 |      35 |      30 |  46.2
       D:14 |   10766 |    2191 |  16.9 |      28 |      24 |  46.2
       D:15 |   19242 |    4867 |  20.2 |      46 |       5 |   9.8
     Lair:1 |    3489 |       0 |   0.0 |      13 |       0 |   0.0
     Lair:2 |    4510 |    3350 |  42.6 |      18 |      12 |  40.0
     Lair:3 |    2331 |       0 |   0.0 |       9 |       0 |   0.0
     Lair:4 |    2516 |     205 |   7.5 |      12 |       1 |   7.7
     Lair:5 |    5810 |    3753 |  39.2 |      19 |      32 |  62.7
     Lair:6 |   12084 |    8206 |  40.4 |      45 |      18 |  28.6
   Shoals:1 |    5203 |       0 |   0.0 |       9 |       0 |   0.0
   Spider:1 |   12143 |       0 |   0.0 |      34 |       0 |   0.0
   Spider:2 |   15370 |       0 |   0.0 |      37 |       0 |   0.0
   Spider:3 |    6889 |       0 |   0.0 |      18 |       0 |   0.0
    Ossuary |       0 |     177 | 100.0 |       0 |      16 | 100.0
      IceCv |       0 |   11600 | 100.0 |       0 |      45 | 100.0
            +---------+---------+-------+---------+---------+-------
